 Dungeon Crawl Stone Soup version 0.27-a0-1196-g3e9cee4cb2 (webtiles) character file.

Game seed: 7967800623333071856

4160 bjtr the Destroyer (level 10, -10/74 HPs)
             Began as a Gnoll Conjurer on May 28, 2021.
             Was a Follower of Vehumet.
             Mangled by Erica
             ... wielding a +0 scimitar of flaming
              (15 damage)
             ... on level 8 of the Dungeon on May 29, 2021.
             The game lasted 00:43:49 (8857 turns).

bjtr the Destroyer (Gnoll Conjurer)                 Turns: 8857, Time: 00:43:50

Health: -10/74     AC:  6    Str: 10    XL:     10   Next: 28%
Magic:  0/20       EV: 13    Int: 24    God:    Vehumet [*.....]
Gold:   151        SH:  0    Dex: 10    Spells: 6/23 levels left

rFire    + . .     SeeInvis .   a - +0 triple sword of the Original Sin {vorpal, *Corrode +Blink Str+2 Int+4}
rCold    . . .     Faith    .   (shield currently unavailable)
rNeg     . . .     Spirit   +   A - +1 leather armour {rF+}
rPois    .         Reflect  .   y - +1 helmet
rElec    .         Harm     .   (no cloak)
rCorr    .         Rampage  .   (no gloves)
Will     .....                  (no boots)
Stlth    +++.......             s - amulet of guardian spirit
HPRegen  0.22/turn              (no ring)
MPRegen  0.17/turn              (no ring)

@: lethally poisoned (-10 -> -16)
A: fangs 1, strong nose, distributed training
a: Renounce Religion, Evoke Blink


You were on level 8 of the Dungeon.
You worshipped Vehumet.
Vehumet was aware of your devotion.
You visited 2 branches of the dungeon, and saw 9 of its levels.

You collected 151 gold pieces.

Inventory:

Hand Weapons
 a - the +0 triple sword of the Original Sin (weapon) {vorpal, *Corrode +Blink Str+2 Int+4}
   (You acquired it on level 8 of the Dungeon)

   It inflicts extra damage upon your enemies.
   It affects your strength (+2).
   It affects your intelligence (+4).
   It lets you blink.
   It may corrode you when you take damage.
 b - the +5 dagger of Qehaasy {vorpal, +Rage rElec Str-3 Dex+5}
   (You found it on level 7 of the Dungeon)

   It inflicts extra damage upon your enemies.
   It affects your strength (-3).
   It affects your dexterity (+5).
   It insulates you from electricity.
   It lets you go berserk.
 h - a +2 whip of venom
 j - a +0 short sword
 n - a +0 scimitar
 o - a +0 hand axe
 p - a +4 dagger
 q - a +0 mace
 w - a +2 vampiric dagger
 z - a +2 short sword of speed
 B - a +3 flail of draining
 G - a +0 hunting sling
 H - a +0 war axe
 J - a +3 flail of freezing
Missiles
 c - 10 boomerangs
 t - 71 sling bullets
 F - 4 curare-tipped darts
Armour
 d - a scarf of shadows
 u - a +2 robe
 y - a +1 helmet (worn)
 A - a +1 leather armour of fire resistance (worn)
Jewellery
 k - an amulet of faith
 s - an amulet of guardian spirit (around neck)
Wands
 v - a wand of paralysis (30)
 D - a wand of flame (24)
 E - a wand of polymorph (16)
Potions
 e - a potion of brilliance
 f - 3 potions of curing
 g - 2 potions of flight {unknown}
 i - 2 potions of degeneration {unknown}
 l - 2 potions of invisibility {unknown}
 m - a potion of lignification {unknown}
 r - a potion of might {unknown}
 x - a potion of haste
 C - a potion of heal wounds {unknown}
 K - a potion of ambrosia {unknown}


   Skills:
 + Level 5.1 Fighting
 + Level 5.1 Short Blades
 + Level 5.1 Long Blades
 + Level 5.1 Axes
 + Level 5.1 Maces & Flails
 + Level 5.1 Polearms
 + Level 5.1 Staves
 + Level 5.1 Slings
 + Level 5.1 Bows
 + Level 5.1 Crossbows
 + Level 5.1 Throwing
 + Level 5.1 Armour
 + Level 6.9 Dodging
 + Level 6.7 Stealth
 + Level 5.1 Shields
 + Level 5.1 Unarmed Combat
 + Level 7.2 Spellcasting
 + Level 8.3 Conjurations
 + Level 4.2 Hexes
 + Level 4.2 Summonings
 + Level 4.2 Necromancy
 + Level 4.2 Translocations
 + Level 4.2 Transmutations
 + Level 4.2 Fire Magic
 + Level 4.2 Ice Magic
 + Level 4.2 Air Magic
 + Level 4.2 Earth Magic
 + Level 4.2 Poison Magic
 + Level 5.6 Invocations
 + Level 5.1 Evocations


You had 6 spell levels left.
You knew the following spells:

 Your Spells              Type           Power      Damage    Failure   Level
a - Magic Dart            Conj           100%       1d8       1%          1
b - Searing Ray           Conj           98%        3d7       1%          2
c - Call Imp              Summ           29%        N/A       2%          2
d - Fulminant Prism       Conj/Hex       19%        3d11      7%          4
e - Iskenderun's Mystic   Conj/Tloc      39%        2d9       7%          4
f - Summon Lightning Spi  Summ/Air       29%        N/A       16%         4

Your spell library contained the following spells:

 Spells                   Type           Power      Damage    Failure   Level
 Shock                    Conj/Air       100%       1d9       1%          1
 Summon Small Mammal      Summ           100%       N/A       1%          1
 Dazzling Flash           Conj/Hex       78%        N/A       1%          3
 Call Canine Familiar     Summ           29%        N/A       4%          3
 Summon Guardian Golem    Hex/Summ       29%        N/A       4%          3
 Summon Ice Beast         Ice/Summ       29%        N/A       16%         4


Dungeon Overview and Level Annotations

Branches:
Dungeon (8/15)             Temple (1/1) D:6
   Lair: D:8-11

Altars:
Ashenzari
Cheibriados
Dithmenos
Elyvilon
Fedhas
Gozag
Hepliaklqana
Kikubaaqudgha
Makhleb
Nemelex Xobeh
Okawaru
Qazlal
Ru
Sif Muna
Trog
Uskayaw
Vehumet
Wu Jian
Xom
Yredelemnul
Zin
The Shining One

Shops:
D:8 *

Annotations:
D:8 Erica


Innate Abilities, Weirdness & Mutations

You have very sharp teeth.
Your uncanny sense of smell can sniff out nearby items.
Your experience applies equally to all skills.


Message History

Casting: Summon Lightning Spire (dangerous; 16% risk of failure)
Confirm with . or Enter, or press ? or * to list all spells.
You can't see any susceptible monsters within range! (Use Z to cast anyway.)
Casting: Summon Lightning Spire (dangerous; 16% risk of failure)
Confirm with . or Enter, or press ? or * to list all spells.
Aiming: Searing Ray (safe; 1% risk of failure)
Press: ? - help, Shift-Dir - straight line (Press . to maintain the ray.)
Something hits you! Something burns you.
Unknown command.
The searing ray hits something!
Something hits you! Something burns you. Something hits you!
Something burns you.
You finish channeling your searing ray.
You hear some strange, mumbled words.
A bolt of poison appears from out of thin air!
The bolt of poison hits you!
You are poisoned.
Unknown command.
Unknown command.
Okay, then.
You aren't carrying any scrolls.
Okay, then.
Unknown command.
Aiming: Paralyse
Press: ? - help, Shift-Dir - straight line
Okay, then.
Unknown command.
Unknown command.
Unknown command.
You feel very sick. Something hits you!
* * * LOW HITPOINT WARNING * * *
Something burns you.
* * * LOW HITPOINT WARNING * * *
There is a stone staircase leading up, spattered with blood here.
Unknown command.
* * * LOW HITPOINT WARNING * * *
You feel very sick. Something hits you!
You die...

###...####....# #....
###.........# #.###
##........# #.#
#........# #.#
#####.)......# #.#
#.........#### #.#
####............# #.###
.......{........####..[.
.......@............####
............#...###.#
......8.....#...# #.#
.###........#...# #.#
#........#...# #.#
##.....#...### #.#
#.......... ..#
#.....#...# ###


You could see a friendly lightning spire (summoned).

Vanquished Creatures
  Joseph (D:8)
  Prince Ribbit (D:6)
  4 yaks
  Eustachio (D:5)
  A steam dragon (D:6)
  Edmund (D:6)
  A water moccasin (D:8)
  2 black bears
  2 sky beasts
  2 ice beasts
  3 ogres
  3 centaurs
  A bullfrog (D:6)
  2 scorpions
  Blork the orc (D:4)
  A water moccasin skeleton (D:5)
  4 killer bees (D:8)
  6 wights (D:7)
  A bullfrog zombie (D:5)
  2 centaur zombies
  2 jellies
  A centaur skeleton (D:7)
  5 orc priests
  A bullfrog skeleton (D:7)
  2 iguanas
  9 orc wizards
  A hound skeleton (D:4)
  Robin (D:4)
  10 adders
  A white imp (D:6)
  An ufetubus (D:3)
  3 dart slugs
  19 orcs
  4 bats
  7 endoplasms
  7 giant cockroaches
  23 goblins
  13 hobgoblins
  12 jackals
  12 kobolds
  A quokka (D:1)
  9 ball pythons
  3 frilled lizards
  A goblin zombie (D:6)
  4 hobgoblin zombies (D:6)
  A kobold skeleton (D:6)
  A kobold zombie (D:6)
  2 orc zombies (D:6)
  3 rats
199 creatures vanquished.

Vanquished Creatures (collateral kills)
  2 killer bees (D:8)
  An orc skeleton (D:6)
3 creatures vanquished.

Grand Total: 202 creatures vanquished

Notes
Turn   | Place    | Note
-------+----------+-------------------------------------------
     0 | D:1      | bjtr the Gnoll Conjurer began the quest for the Orb.
     0 | D:1      | Reached XP level 1. HP: 13/13 MP: 6/6
   175 | D:1      | Reached XP level 2. HP: 14/19 MP: 7/7
   601 | D:1      | Learned a level 2 spell: Searing Ray
   742 | D:1      | Reached XP level 3. HP: 17/25 MP: 9/9
   751 | D:1      | Reached skill level 5 in Spellcasting
   939 | D:1      | Found a faded altar of an unknown god.
  1331 | D:2      | Reached skill level 1 in Invocations
  1383 | D:2      | Noticed an ogre
  1390 | D:2      | Killed an ogre
  1391 | D:2      | Reached skill level 1 in Fighting
  1391 | D:2      | Reached skill level 1 in Short Blades
  1391 | D:2      | Reached skill level 1 in Long Blades
  1391 | D:2      | Reached skill level 1 in Axes
  1391 | D:2      | Reached skill level 1 in Maces & Flails
  1391 | D:2      | Reached skill level 1 in Polearms
  1391 | D:2      | Reached skill level 1 in Staves
  1391 | D:2      | Reached skill level 1 in Slings
  1391 | D:2      | Reached skill level 1 in Bows
  1391 | D:2      | Reached skill level 1 in Crossbows
  1391 | D:2      | Reached skill level 1 in Throwing
  1391 | D:2      | Reached skill level 1 in Armour
  1391 | D:2      | Reached skill level 1 in Shields
  1391 | D:2      | Reached skill level 1 in Unarmed Combat
  1391 | D:2      | Reached skill level 1 in Hexes
  1391 | D:2      | Reached skill level 1 in Summonings
  1391 | D:2      | Reached skill level 1 in Necromancy
  1391 | D:2      | Reached skill level 1 in Translocations
  1391 | D:2      | Reached skill level 1 in Transmutations
  1391 | D:2      | Reached skill level 1 in Fire Magic
  1391 | D:2      | Reached skill level 1 in Ice Magic
  1391 | D:2      | Reached skill level 1 in Air Magic
  1391 | D:2      | Reached skill level 1 in Earth Magic
  1391 | D:2      | Reached skill level 1 in Poison Magic
  1391 | D:2      | Reached skill level 1 in Evocations
  1391 | D:2      | Reached XP level 4. HP: 32/32 MP: 4/11
  1391 | D:2      | Reached XP level 5. HP: 37/37 MP: 4/12
  1593 | D:2      | Found a white marble altar of Elyvilon.
  1982 | D:2      | Learned a level 2 spell: Call Imp
  1987 | D:2      | Learned a level 4 spell: Fulminant Prism
  1992 | D:2      | Learned a level 4 spell: Iskenderun's Mystic Blast
  2635 | D:3      | Found a shadowy altar of Dithmenos.
  2707 | D:3      | Reached XP level 6. HP: 44/44 MP: 7/13
  3247 | D:3      | Reached skill level 5 in Dodging
  3547 | D:4      | Noticed Blork the orc
  3551 | D:4      | Killed Blork the orc
  3627 | D:4      | Noticed Robin
  3649 | D:4      | Killed Robin
  3833 | D:4      | Found a broken altar of Ashenzari.
  3837 | D:4      | Saw a vision of the Shoals and the Snake Pit.
  3837 | D:4      | Noticed a wind drake
  3837 | D:4      | Noticed a merfolk siren
  3837 | D:4      | Noticed a mana viper
  3837 | D:4      | Noticed a mana viper
  3837 | D:4      | Noticed a merfolk
  3837 | D:4      | Noticed a naga
  3837 | D:4      | Noticed a naga warrior
  3837 | D:4      | Noticed a black mamba
  3837 | D:4      | Noticed a guardian serpent
  3837 | D:4      | Noticed a naga sharpshooter
  3837 | D:4      | Noticed a mana viper
  3837 | D:4      | Noticed a salamander
  3837 | D:4      | Noticed a naga mage
  3837 | D:4      | Noticed a mana viper
  3839 | D:4      | Noticed a merfolk
  3851 | D:4      | Found a hide-covered altar of Uskayaw.
  4018 | D:4      | Reached XP level 7. HP: 40/50 MP: 7/15
  4105 | D:4      | Found a snail-covered altar of Cheibriados.
  4351 | D:4      | Found a sacrificial altar of Ru.
  4395 | D:4      | Found an opulent altar of Gozag.
  4395 | D:4      | Found a sparkling altar of Nemelex Xobeh.
  4516 | D:5      | Entered Level 5 of the Dungeon
  4516 | D:5      | Noticed Eustachio
  4521 | D:5      | Killed Eustachio
  4522 | D:5      | Reached skill level 5 in Stealth
  4606 | D:5      | Found a stormy altar of Qazlal.
  4942 | D:5      | Reached XP level 8. HP: 43/57 MP: 7/16
  5482 | D:6      | Found a glowing golden altar of the Shining One.
  5621 | D:6      | Found a bloodstained altar of Trog.
  5772 | D:6      | Found a white marble altar of Elyvilon.
  5808 | D:6      | Noticed Edmund
  5829 | D:6      | Noticed Prince Ribbit
  5842 | D:6      | Killed Prince Ribbit
  5963 | D:6      | Killed Edmund
  5994 | D:6      | Reached XP level 9. HP: 43/65 MP: 3/18
  6352 | D:6      | Found a staircase to the Ecumenical Temple.
  6364 | Temple   | Entered the Ecumenical Temple
  6414 | Temple   | Became a worshipper of Vehumet
  7283 | D:7      | Reached skill level 8 in Conjurations
  7378 | D:7      | Identified the +5 dagger of Qehaasy {vorpal, +Rage rElec
                  | Str-3 Dex+5}
  7491 | D:7      | Found a glowing silver altar of Zin.
  7706 | D:7      | Reached skill level 5 in Invocations
  7880 | D:7      | Reached XP level 10. HP: 67/73 MP: 6/20
  8291 | D:8      | Noticed Joseph
  8298 | D:8      | Learned a level 4 spell: Summon Lightning Spire
  8306 | D:8      | Killed Joseph
  8307 | D:8      | Reached skill level 5 in Fighting
  8307 | D:8      | Reached skill level 5 in Short Blades
  8307 | D:8      | Reached skill level 5 in Long Blades
  8307 | D:8      | Reached skill level 5 in Axes
  8307 | D:8      | Reached skill level 5 in Maces & Flails
  8307 | D:8      | Reached skill level 5 in Polearms
  8307 | D:8      | Reached skill level 5 in Staves
  8307 | D:8      | Reached skill level 5 in Slings
  8307 | D:8      | Reached skill level 5 in Bows
  8307 | D:8      | Reached skill level 5 in Crossbows
  8307 | D:8      | Reached skill level 5 in Throwing
  8307 | D:8      | Reached skill level 5 in Armour
  8307 | D:8      | Reached skill level 5 in Shields
  8307 | D:8      | Reached skill level 5 in Unarmed Combat
  8307 | D:8      | Reached skill level 5 in Evocations
  8443 | D:8      | Found Raidgh's Demolitions Depot.
  8627 | D:8      | Identified a scroll of acquirement
  8627 | D:8      | Acquired the +0 triple sword of the Original Sin {vorpal,
                  | *Corrode +Blink Str+2 Int+4}
  8684 | D:8      | Reached * piety under Vehumet
  8684 | D:8      | Offered knowledge of Shock by Vehumet.
  8710 | D:8      | Noticed Erica
  8857 | D:8      | Mangled by Erica

Illustrated notes

Levels and vault maps discovered:
D:1:      sevenhm_arrival_forest_fort_small_5, layout_rooms,
          hellmonk_ecumenical_altar_heavens_door
D:2:      layout_loops_ring, basic_altar, serial_park_tiny_1
D:3:      layout_loops_ring, grunt_dithmenos_smoke, grunt_decor_fettered,
          minmay_misc_feat_plants
D:4:      layout_cave_pools, grunt_temple_overflow_opulence,
          nicolae_ru_the_path_less_chosen, nicolae_overflow_crystal_walls,
          nicolae_uskayaw_murder_on_the_dancefloor, grunt_ashenzari_visionary
          [grunt_ashenzari_visionary_shoals, grunt_ashenzari_visionary_snake],
          uniq_robin, uniq_blork_the_orc
D:5:      layout_basic, nicolae_qazlal_general_emergency,
          hangedman_abyss_or_decor_stagger, uniq_eustachio
D:6:      layout_cave_pools, kennysheep_mini_moat, nicolae_tso_besieged_by_evil,
          trog_hazing_becter, minmay_temple_entry_glass, moated_statue,
          uniq_edmund, uniq_prince_ribbit1
D:7:      layout_rooms, old_standard_altar
D:8:      layout_basic, lair_entry_dummy, nicolae_blasting_shop,
          minmay_misc_feat_tower, uniq_joseph, uniq_erica
Temple:   jpeg_temple_alley_garden

Skill      XL: |  1  2  3  4  5  6  7  8  9 10 |
---------------+-------------------------------+-----
Spellcasting   | 5 6 7 |  7.2
Invocations    | 1 2 3 4 5 |  5.6
Fighting       | 1 2 3 4 5 |  5.1
Short Blades   | 1 2 3 4 5 |  5.1
Long Blades    | 1 2 3 4 5 |  5.1
Axes           | 1 2 3 4 5 |  5.1
Maces & Flails | 1 2 3 4 5 |  5.1
Polearms       | 1 2 3 4 5 |  5.1
Staves         | 1 2 3 4 5 |  5.1
Slings         | 1 2 3 4 5 |  5.1
Bows           | 1 2 3 4 5 |  5.1
Crossbows      | 1 2 3 4 5 |  5.1
Throwing       | 1 2 3 4 5 |  5.1
Armour         | 1 2 3 4 5 |  5.1
Shields        | 1 2 3 4 5 |  5.1
Unarmed Combat | 1 2 3 4 5 |  5.1
Hexes          | 1 2 3 4 |  4.2
Summonings     | 1 2 3 4 |  4.2
Necromancy     | 1 2 3 4 |  4.2
Translocations | 1 2 3 4 |  4.2
Transmutations | 1 2 3 4 |  4.2
Fire Magic     | 1 2 3 4 |  4.2
Ice Magic      | 1 2 3 4 |  4.2
Air Magic      | 1 2 3 4 |  4.2
Earth Magic    | 1 2 3 4 |  4.2
Poison Magic   | 1 2 3 4 |  4.2
Evocations     | 1 2 3 4 5 |  5.1
Dodging        | 5 6 |  6.9
Stealth        | 5 6 |  6.7
Conjurations   | 8 |  8.3

Action                   |  1- 3 |  4- 6 |  7- 9 | 10-12 || total
-------------------------+-------+-------+-------+-------++-------
Melee: Short sword       |    30 |       |       |       ||    30
       Bite              |     5 |    11 |    10 |     3 ||    29
       Dagger            |    24 |   136 |   135 |     8 ||   303
       Punch             |       |       |     1 |       ||     1
       Flail             |       |       |    61 |       ||    61
       Triple sword      |       |       |       |    10 ||    10
 Cast: Magic Dart        |    17 |       |     1 |       ||    18
       Searing Ray       |     6 |    15 |    35 |     6 ||    62
       Iskenderun's Myst |       |     1 |     3 |     1 ||     5
       Call Imp          |       |       |     5 |       ||     5
       Summon Lightning  |       |       |       |     3 ||     3
  Use: Scroll            |       |     3 |     4 |     2 ||     9
       Potion            |       |       |       |     1 ||     1
 Stab: Sleeping          |     2 |     6 |     3 |     1 ||    12
       Distracted        |       |     1 |     1 |       ||     2
Armor: Robe              |     9 |     3 |       |       ||    12
       Leather armour    |       |    28 |    77 |     8 ||   113
Dodge: Dodged            |    45 |    85 |   133 |    32 ||   295
       Rpst.: Triple sword |       |       |       |     6 ||     6

Table legend: (Time is in decaauts)
 A = Elapsed time spent in this place.
 B = Non-inter-level travel time spent in this place.
 C = Inter-level travel time spent in this place.
 D = Time resting spent in this place.
 E = Time spent auto-exploring this place.
 F = Levels seen in this place.
 G = Mean time per level.
                   A        B        C        D        E       F      G
               +--------+--------+--------+--------+--------+-----+--------+
         Total |   8855 |   8621 |    234 |   2182 |   4699 |   9 |  983.9 |
       Dungeon |   8618 |   8437 |    181 |   2182 |   4525 |   8 | 1077.2 |
        Temple |    236 |    183 |     53 |      0 |    174 |   1 |  236.0 |
               +--------+--------+--------+--------+--------+-----+--------+

Top non-repeatable levels by time:
     D:6: 1485 daAuts
     D:1: 1314 daAuts
     D:2: 1204 daAuts
     D:5: 1116 daAuts
     D:3: 1030 daAuts
     D:7: 987 daAuts
     D:4: 961 daAuts
     D:8: 518 daAuts
  Temple: 236 daAuts
